 Dungeon Crawl Stone Soup version 0.30-a0-534-gdc55766716 (webtiles) character file.

Game seed: 7455656669747484342

17856 avis the Nimble (level 11, -8/89 HPs)
             Began as a Demigod Ice Elementalist on Dec 24, 2022.
             Collided with a stone wall (12 damage)
             ... caused by a rakshasa
             ... on level 2 of the Abyss on Dec 25, 2022.
             The game lasted 01:28:57 (15071 turns).

avis the Nimble (Demigod Ice Elementalist)         Turns: 15071, Time: 01:28:58

Health: -8/89      AC: 22    Str:  9    XL:     11   Next: 96%
Magic:  14/19      EV: 23    Int: 17    God:
Gold:   726        SH:  0    Dex: 26    Spells: 9/16 levels left

rFire   x . .      SeeInvis .    b - +0 shortbow
rCold   + . .      Faith    .    (shield currently unavailable)
rNeg    . . .      Spirit   .    y - +2 robe {Archmagi}
rPois   .          Reflect  .    S - +2 helmet
rElec   .          Harm     .    u - +1 cloak
rCorr   .          Rampage  .    (no gloves)
Will    +....      Archmagi +    (no boots)
Stlth   +++                      (no amulet)
HPRegen 0.34/turn                L - ring of ice
MPRegen 0.16/turn                i - +4 ring of protection

@: ice-armoured
A: high MP 1, forlorn, divine attributes
a: no special abilities


You were on level 2 of the Abyss.
You visited 3 branches of the dungeon, and saw 13 of its levels.
You visited the Abyss 1 time.

You collected 726 gold pieces.

Inventory:

Hand Weapons
 a - a +2 dagger of venom
 b - a +0 shortbow (weapon)
 c - a +3 halberd
 w - a +2 vampiric dagger
 A - a +2 morningstar of freezing
 G - a +2 war axe of freezing
 H - a +1 falchion
 I - a -2 demon whip of venom
 J - a +0 whip of freezing
 R - a +2 dagger of freezing
 U - a +2 dagger of venom
Missiles
 k - 4 atropa-tipped darts
 p - 50 poisoned darts
 B - 5 curare-tipped darts
 F - 2 throwing nets
Armour
 u - a +1 cloak (worn)
 y - a +2 robe of the Archmagi (worn)
 P - a +1 robe of willpower
 S - a +2 helmet (worn)
Jewellery
 i - a +4 ring of protection (right hand)
 o - a ring of see invisible
 L - a ring of ice (left hand)
Wands
 v - a wand of iceblast (8)
 K - a wand of flame (7)
Scrolls
 d - 5 scrolls of teleportation {unknown}
 e - 4 scrolls of enchant weapon {unknown}
 g - 2 scrolls of vulnerability {unknown}
 j - a scroll of immolation {unknown}
 l - 2 scrolls of enchant armour {unknown}
 n - 2 scrolls of brand weapon {unknown}
 r - 4 scrolls of amnesia {unknown}
 s - a scroll of fear {unknown}
 z - a scroll of blinking {unknown}
 M - 2 scrolls of poison {unknown}
 N - a scroll of magic mapping {unknown}
 Q - a scroll of fog {unknown}
Potions
 f - a potion of magic
 h - 2 potions of berserk rage
 m - 4 potions of flight
 q - 4 potions of might
 t - 3 potions of resistance
 x - 4 potions of haste
 C - 3 potions of curing
 D - 3 potions of lignification
 E - 3 potions of heal wounds
 O - a potion of cancellation
 T - a potion of ambrosia {unknown}


   Skills:
 - Level 6.0 Fighting
 * Level 11.9 Ranged Weapons
 - Level 12.0 Dodging
 - Level 2.0 Stealth
 - Level 3.0 Spellcasting
 - Level 6.0 Ice Magic


You had 9 spell levels left.
You knew the following spells:

 Your Spells              Type           Power      Damage    Failure   Level
a - Freeze                Ice            100%       1d10      1%          1
o - Ozocubu's Armour      Ice            51%        N/A       4%          3
r - Frozen Ramparts       Ice            100%       1d16      4%          3

Your spell library contained the following spells:

 Spells                   Type           Power      Damage    Failure   Level
 Hailstorm                Conj/Ice       28%        3d8       16%         3
 Magic Dart               Conj           12%        1d3       17%         1
 Cigotuvi's Dreadful Rot  Necr/Pois/Air  6%         N/A       26%         2
 Poisonous Vapours        Pois/Air       6%         N/A       26%         2
 Scorch                   Fire           6%         2d5       26%         2
 Searing Ray              Conj           6%         2d4       26%         2
 Dazzling Flash           Conj/Hex       6%         N/A       45%         3
 Gell's Gravitas          Tloc           3%         N/A       45%         3
 Mephitic Cloud           Conj/Pois/Air  3%         N/A       45%         3
 Teleport Other           Tloc           3%         N/A       45%         3
 Ice Form                 Ice/Tmut       28%        N/A       45%         4
 Summon Ice Beast         Ice/Summ       28%        N/A       45%         4
 Flame Wave               Conj/Fire      3%         2d5       86%         4
 Fulminant Prism          Conj/Hex       1%         3d5       86%         4
 Agony                    Necr           3%         N/A       99%         5
 Silence                  Hex/Air        1%         N/A       99%         5
 Summon Forest            Summ/Tloc      1%         N/A       99%         5
 Dispersal                Tloc           1%         N/A       100%        6
 Eringya's Noxious Bog    Tmut/Pois      1%         N/A       100%        6
 Simulacrum               Ice/Necr       14%        N/A       100%        6
 Summon Cactus Giant      Summ           1%         N/A       100%        6
 Summon Hydra             Summ           1%         N/A       100%        7


Dungeon Overview and Level Annotations

Branches:
Dungeon (10/15)            Temple (1/1) D:6            Lair (2/5) D:8
 Shoals (0/4) Lair:2
  Snake: Lair:2-3    Spider: Lair:2-3       Orc: D:9-12

Shops:
D:1 =   D:5 =(*   D:9 *


Innate Abilities, Weirdness & Mutations

You have an increased reservoir of magic. (+10% MP)
You shall have no god before yourself.
Your divine heritage dramatically boosts your attributes as you level up.


Message History

Something smites you! The heat melts your icy armour.
Fire: b) +0 shortbow
Press: ? - help, Q - select action, (/) - cycle Shift-Dir - straight line, f/p - smoke demon
Aim: a smoke demon (moderately wounded, 75% to hit)
You shoot an arrow.
The arrow closely misses the smoke demon.
The smoke demon gestures at you. Something smites you!
Fire: b) +0 shortbow
Press: ? - help, Q - select action, (/) - cycle Shift-Dir - straight line, f/p - smoke demon
Aim: a smoke demon (moderately wounded, 75% to hit)
You shoot an arrow. The arrow hits the smoke demon!
The smoke demon is severely wounded.
The wall freezes the rakshasa but does no damage.
The rakshasa hits you from afar with a +0 trident.
Fire: b) +0 shortbow
Press: ? - help, Q - select action, (/) - cycle Shift-Dir - straight line, f/p - smoke demon
Aim: a smoke demon (severely wounded, 75% to hit)
You shoot an arrow. The arrow hits the smoke demon!
The smoke demon is almost dead.
The wall freezes the rakshasa!
The rakshasa gestures at you. The lance of force hits you.
You are knocked back by the lance of force.
You slam into the stone wall!
Fire: b) +0 shortbow
Press: ? - help, Q - select action, (/) - cycle Shift-Dir - straight line, f/p - smoke demon
Aim: a smoke demon (almost dead, 75% to hit)
You shoot an arrow. The arrow hits the smoke demon!
You kill the smoke demon!
The frozen ramparts melt away.
The glowing orange brain pulsates.
Something tries to feed on your intellect!
The rakshasa gestures at you. The lance of force hits you!!
* * * LOW HITPOINT WARNING * * *
You are knocked back by the lance of force.
You slam into the stone wall!
You die...

. ... .#.. # #....
#... # # ### ...##.
## .. #...... .##...#
... # #. ##.. .. .. #
. .# ##.#... ...###
... .#
#...####..####.....##
#...##.## #..#.## .
#.@..##### . ### .
#R..#.# ....... ....
....G........ # ..
....#..#........##..
. .....#..#........
... . #.....#
........ . .. ..#.#..
.... . #.## # ..#.
#..........#..# #
.##...# # . .#.


You could see a rakshasa and a glowing orange brain.

Vanquished Creatures
  Gastronok (Lair:2)
  2 two-headed ogres (D:9)
  Amaemon (D:9)
  Pikel (D:9)
  A wizard (D:10)
  An oklob plant (Lair:2)
  A smoke demon (Abyss:2)
  A torpor snail (Lair:1)
  2 cane toads
  An orange demon (D:9)
  2 unseen horrors
  A rime drake (Lair:1)
  An unseen horror zombie (D:9)
  A yaktaur (shapeshifter) (D:10)
  Maggie (D:8)
  3 komodo dragons
  A troll (D:6)
  A hornet (Lair:2)
  Prince Ribbit (D:6)
  7 blink frogs (Lair:2)
  Sigmund (D:3)
  16 yaks
  A wyvern (D:10)
  A basilisk (Lair:2)
  A steam dragon (D:8)
  Menkaure (D:6)
  5 water moccasins
  A small abomination (Abyss:2)
  4 orc warriors
  An ice beast (Abyss:2)
  A sky beast (D:8)
  3 centaurs
  A black bear (Lair:1)
  An ogre (D:6)
  4 wolves (Lair:2)
  A lemure (D:9)
  A phantom (D:6)
  5 kobold brigands
  9 bullfrogs
  2 necrophages
  5 scorpions
  12 wights
  10 killer bees
  A howler monkey (D:5)
  2 electric eels (D:8)
  A centaur zombie (D:9)
  An orc priest (D:9)
  5 hounds
  3 jellies
  A gnoll bouda (D:9)
  Jessica (D:3)
  Natasha (thrice) (D:3)
  Ijyb (D:4)
  4 iguanas
  11 orc wizards
  5 adders
  9 gnolls
  A shadow imp (D:5)
  3 worms
  2 dart slugs (D:5)
  27 orcs
  6 ball pythons
  7 endoplasms
  2 giant cockroaches
  5 goblins
  6 hobgoblins
  3 jackals (D:1)
  27 kobolds
  6 quokkas
  7 bats
  3 frilled lizards
  3 rats
274 creatures vanquished.

Vanquished Creatures (others)
  An orc wizard (D:10)
  2 fungi (Lair:1)
  A plant (Lair:1)
4 creatures vanquished.

Grand Total: 278 creatures vanquished

Notes
Turn   | Place    | Note
-------+----------+-------------------------------------------
     0 | D:1      | avis the Demigod Ice Elementalist began the quest for the
                  | Orb.
     0 | D:1      | Reached XP level 1. HP: 14/14 MP: 5/5
   308 | D:1      | Reached XP level 2. HP: 19/20 MP: 1/7
   550 | D:1      | Found Coing's Jewellery Emporium.
  1301 | D:2      | Reached XP level 3. HP: 22/27 MP: 6/9
  1333 | D:2      | Reached skill level 1 in Fighting
  1697 | D:2      | Reached skill level 2 in Dodging
  2160 | D:2      | Learned a level 3 spell: Frozen Ramparts
  2164 | D:2      | Learned a level 3 spell: Ozocubu's Armour
  2333 | D:3      | Noticed Sigmund
  2339 | D:3      | Noticed Natasha
  2354 | D:3      | Killed Natasha
  2355 | D:3      | Reached XP level 4. HP: 15/36 MP: 1/10
  2356 | D:3      | Killed Sigmund
  2357 | D:3      | Reached skill level 3 in Dodging
  2357 | D:3      | Reached XP level 5. HP: 18/42 MP: 1/12
  2512 | D:3      | Noticed Natasha
  2545 | D:3      | Killed Natasha
  2557 | D:3      | Noticed Natasha
  2565 | D:3      | Killed Natasha
  2884 | D:3      | Noticed Jessica
  2893 | D:3      | Killed Jessica
  3089 | D:4      | Reached skill level 4 in Dodging
  3089 | D:4      | Reached XP level 6. HP: 30/51 MP: 8/13
  4078 | D:4      | Noticed Ijyb
  4091 | D:4      | Killed Ijyb
  4252 | D:5      | Entered Level 5 of the Dungeon
  4359 | D:5      | Found Gownuqya's Jewellery Shop.
  4367 | D:5      | Found Vyon's Weapon Boutique.
  4369 | D:5      | Found Diyx's General Store.
  4538 | D:5      | Reached skill level 5 in Dodging
  4538 | D:5      | Reached XP level 7. HP: 56/59 MP: 8/14
  5073 | D:5      | Reached skill level 5 in Ice Magic
  5248 | D:5      | Identified the +1 pair of gloves "Vuecloil" {rF+ rC+ Will-}
  5676 | D:6      | Reached skill level 6 in Dodging
  5710 | D:6      | Found a staircase to the Ecumenical Temple.
  5775 | Temple   | Entered the Ecumenical Temple
  5907 | D:6      | Reached skill level 5 in Fighting
  5964 | D:6      | Reached XP level 8. HP: 60/68 MP: 8/15
  6214 | D:6      | Reached skill level 7 in Dodging
  6314 | D:6      | Noticed Prince Ribbit
  6320 | D:6      | Killed Prince Ribbit
  6469 | D:6      | Noticed a troll
  6477 | D:6      | Killed a troll
  6712 | D:6      | Noticed Menkaure
  6720 | D:6      | Killed Menkaure
  6721 | D:6      | Reached skill level 8 in Dodging
  7428 | D:6      | Reached XP level 9. HP: 65/75 MP: 16/16
  7558 | D:7      | Noticed an unseen horror
  7569 | D:7      | Reached skill level 1 in Ranged Weapons
  7595 | D:7      | Killed an unseen horror
  7932 | D:7      | Reached skill level 5 in Ranged Weapons
  8083 | D:8      | Noticed Maggie
  8091 | D:8      | Killed Maggie
  8947 | D:8      | Found a staircase to the Lair.
  9454 | Lair:1   | Entered Level 1 of the Lair of Beasts
  9465 | Lair:1   | Reached XP level 10. HP: 83/83 MP: 14/17
 10014 | Lair:1   | Reached skill level 9 in Dodging
 10212 | Lair:1   | Noticed a torpor snail
 10227 | Lair:1   | Reached skill level 10 in Dodging
 10235 | Lair:1   | Killed a torpor snail
 10964 | Lair:2   | Found a staircase to the Shoals.
 11243 | Lair:2   | Reached XP level 11. HP: 79/89 MP: 12/19
 11328 | Lair:2   | Noticed Gastronok
 11352 | Lair:2   | Killed Gastronok
 11353 | Lair:2   | Reached skill level 10 in Ranged Weapons
 11561 | Lair:2   | Reached skill level 11 in Dodging
 13119 | D:9      | Found Zin's Purification Station.
 13156 | D:9      | Noticed Amaemon
 13167 | D:9      | Killed Amaemon
 13168 | D:9      | Reached skill level 12 in Dodging
 13509 | D:9      | Noticed Pikel
 13522 | D:9      | Noticed a two-headed ogre
 13527 | D:9      | Killed Pikel
 13531 | D:9      | Killed a two-headed ogre
 13640 | D:9      | Noticed a two-headed ogre
 13648 | D:9      | Killed a two-headed ogre
 14047 | D:10     | Entered Level 10 of the Dungeon
 14750 | D:10     | Noticed a wizard
 14777 | D:10     | Killed a wizard
 14885 | D:10     | Noticed a deep elf pyromancer
 14887 | D:10     | Noticed a wizard
 14889 | D:10     | Noticed a death knight
 14892 | Abyss:2  | Cast into level 2 of the Abyss (a wizard)
 14970 | Abyss:2  | Noticed a tentacled starspawn
 15056 | Abyss:2  | Noticed a rakshasa
 15063 | Abyss:2  | Noticed a glowing orange brain
 15071 | Abyss:2  | HP: 4/89 [rakshasa/lance of force (28)]
 15071 | Abyss:2  | Collided with a stone wall

Illustrated notes

Levels and vault maps discovered:
D:1:      lemuel_arrival_tunnels, layout_basic, serial_shops,
          nicolae_shop_hallway_plus, amethyst_killhole
D:2:      mumra_celtic_spiral_tile, layout_rooms, ebering_ecumenical_altar_hall
D:3:      layout_rooms, minivault_11, hangedman_abyss_or_decor_lesser_grid,
          uniq_jessica, uniq_sigmund, uniq_natasha
D:4:      layout_gridville, uniq_ijyb
D:5:      layout_basic, overflow_temple_1_default, nicolae_wooded_promenade,
          nicolae_titane
D:6:      layout_loops_cross, kennysheep_orc_sif_temple,
          nicolae_overflow_quartered_altars, gammafunk_temple_overflow_claw,
          minmay_temple_entry_arrows, uniq_menkaure, uniq_prince_ribbit1
D:7:      layout_cave_pools
D:8:      layout_basic, lair_entry_dummy, minivault_4, lightli_minifort,
          uniq_maggie
D:9:      layout_irregular_city, lemuel_zombie_altar_yredelemnul, zin_purify,
          amcnicky_mini_corridor_feature, uniq_pikel, uniq_amaemon
D:10:     minmay_the_grid_triangle_9x9_rhombus_thin_mashed
          [minmay_the_grid_triangle_9x9_empty,
          minmay_the_grid_triangle_9x9_prize_schism,
          minmay_the_grid_triangle_9x9_warning,
          minmay_the_grid_triangle_9x9_sprig], layout_basic,
          chequers_serial_rivers_micro_b
Temple:   grunt_temple_mini_profane
Lair:1:   layout_small_grid, lemuel_fruit_tree
Lair:2:   layout_regular_city, elwin_shoals_entry_rocks, grunt_megastairs_4,
          uniq_gastronok
Abyss:2:  base:
D:15

Skill      XL: |  1  2  3  4  5  6  7  8  9 10 11 |
---------------+----------------------------------+-----
Ice Magic      | 4 5 6 |  6.0
Spellcasting   | 2 3 |  3.0
Fighting       | 2 3 4 5 6 |  6.0
Dodging        | 2 3 4 5 6 8 10 12 | 12.0
Stealth        | 2 |  2.0
Ranged Weapons | 7 9 11 | 11.9

Action                   |  1- 3 |  4- 6 |  7- 9 | 10-12 || total
-------------------------+-------+-------+-------+-------++-------
Melee: Short sword       |     8 |       |       |       ||     8
       Dagger            |    12 |   112 |   166 |       ||   290
       Punch             |       |     1 |     4 |       ||     5
 Fire: Shortbow          |       |       |   161 |   468 ||   629
Throw: Dart              |       |       |     2 |       ||     2
 Cast: Freeze            |    64 |    11 |       |       ||    75
       Frozen Ramparts   |     2 |     9 |    21 |    30 ||    62
       Ozocubu's Armour  |     1 |     7 |    31 |    35 ||    74
  Use: Potion            |     1 |     1 |       |       ||     2
       Scroll            |       |       |     8 |     3 ||    11
 Stab: Sleeping          |     7 |     8 |     5 |       ||    20
Armor: Robe              |    12 |    21 |   118 |   111 ||   262
Dodge: Dodged            |    34 |    76 |   269 |   282 ||   661

Table legend: (Time is in decaauts)
 A = Elapsed time spent in this place.
 B = Non-inter-level travel time spent in this place.
 C = Inter-level travel time spent in this place.
 D = Time resting spent in this place.
 E = Time spent auto-exploring this place.
 F = Levels seen in this place.
 G = Mean time per level.
                   A        B        C        D        E       F      G
               +--------+--------+--------+--------+--------+-----+--------+
         Total |  15136 |  13799 |   1337 |   3795 |   6720 |  14 | 1081.1 |
       Dungeon |  11884 |  10877 |   1007 |   2679 |   5439 |  10 | 1188.4 |
        Temple |     23 |     21 |      2 |      0 |      0 |   1 |   23.0 |
          Lair |   3052 |   2724 |    328 |   1061 |   1250 |   2 | 1526.0 |
         Abyss |    176 |    176 |      0 |     55 |     31 |   1 |  176.0 |
               +--------+--------+--------+--------+--------+-----+--------+

Top non-repeatable levels by time:
     D:8: 1635 daAuts
  Lair:1: 1609 daAuts
     D:6: 1564 daAuts
  Lair:2: 1442 daAuts
     D:9: 1378 daAuts
     D:1: 1333 daAuts
     D:4: 1250 daAuts
     D:5: 1229 daAuts
     D:7: 990 daAuts
     D:2: 969 daAuts
     D:3: 770 daAuts
    D:10: 761 daAuts
 Abyss:2: 176 daAuts
  Temple: 23 daAuts
